 Dungeon Crawl Stone Soup version 0.30-a0-718-geaa24f58ff (webtiles) character file.

Game seed: 17794506506969246464

800 ASSMAN the Grave Robber (level 7, -8/46 HPs)
             Began as a Demonspawn Necromancer on Jan 25, 2023.
             Was a Follower of Dithmenos.
             Killed from afar by a steam dragon (20 damage)
             ... with a ball of steam
             ... on level 6 of the Dungeon.
             The game lasted 00:09:59 (4168 turns).

ASSMAN the Grave Robber (Demonspawn Necromancer)    Turns: 4168, Time: 00:10:00

Health: -8/46      AC:  7    Str:  7      XL:     7   Next: 59%
Magic:  1/12       EV: 13    Int: 15 (17) God:    Dithmenos [*.....]
Gold:   281        SH:  0    Dex: 24      Spells: 2/10 levels left

rFire   . . .      SeeInvis .    s - +0 short sword (venom)
rCold   . . .      Faith    .    (no shield)
rNeg    . . .      Spirit   .    a - +0 robe
rPois   .          Reflect  .    (no helmet)
rElec   .          Harm     .    e - +1 cloak
rCorr   .          Rampage  .    (no gloves)
Will    +....                    c - +2 pair of boots {Fly}
Stlth   +++++++                  (no amulet)
HPRegen 0.27/turn                (no ring)
MPRegen 0.13/turn                (no ring)

@: flying, wreathed by umbra
A: claws 1, thin skeletal structure 3, agile 1, high MP 1, strong-willed 1
a: Renounce Religion


You were on level 6 of the Dungeon.
You worshipped Dithmenos.
Dithmenos was aware of your devotion.
You visited 1 branch of the dungeon, and saw 6 of its levels.

You collected 281 gold pieces.

Inventory:

Hand Weapons
 i - a +0 dagger
 s - a +0 short sword of venom (weapon)
 t - a +1 dagger of draining
Armour
 a - a +0 robe (worn)
 c - a +2 pair of boots of flying (worn)
 e - a +1 cloak (worn)
Magical Staves
 j - a staff of air
Jewellery
 m - an amulet of magic regeneration
Scrolls
 d - 2 scrolls of teleportation
 f - a scroll of silence {unknown}
 h - a scroll of poison {unknown}
 r - 2 scrolls of vulnerability
Potions
 b - a potion of cancellation
 k - a potion of haste {unknown}
 l - a potion of attraction {unknown}
 o - a potion of berserk rage {unknown}
 w - a potion of brilliance {unknown}


   Skills:
 - Level 1.7 Dodging
 + Level 4.5 Stealth
 - Level 2.0 Spellcasting
 + Level 7.9 Necromancy
 + Level 5.4 Invocations


You had 2 spell levels left.
You knew the following spells:

 Your Spells              Type           Power      Damage    Failure   Level
a - Necrotise             Necr           100%       1d9       1%          1
b - Vampiric Draining     Necr           25%        2d7       2%          3
c - Animate Dead          Necr           25%        N/A       9%          4

Your spell library contained the following spells:

 Spells                   Type           Power      Damage    Failure   Level
 Agony                    Necr           25%        N/A       24%         5


Dungeon Overview and Level Annotations

Branches:
Dungeon (6/15)             Temple (0/1) D:5

Altars:
Dithmenos
Nemelex Xobeh
Ru
Trog
Wu Jian

Shops:
D:4 !


Innate Abilities, Weirdness & Mutations

You have sharp fingernails.
You have an unnaturally thin skeletal structure. (Dex +6, Stealth+++)
You are agile. (Dex +4, Str/Int -1)
You have an increased reservoir of magic. (+10% MP)
You are strong-willed. (Will+)


Message History

The hound barely misses you. The steam dragon closely misses you.
The steam dragon barely misses you. The hound barely misses you.
You hit the hound.
The hound is poisoned.
The hound is heavily wounded.
The hound closely misses you. The steam dragon breathes steam at you.
The ball of steam hits you!
You barely miss the steam dragon.
The steam dragon is moderately wounded.
You are engulfed in a cloud of scalding steam.
The hound bites you. The steam dragon closely misses you.
The steam dragon completely misses you. The hound bites you but does no damage.
You hit the steam dragon but do no damage.
The steam dragon is poisoned.
The steam dragon is moderately wounded.
The hound is engulfed in a cloud of scalding steam.
The hound dies!
The steam dragon bites you but does no damage.
The steam dragon misses you.
You hit the steam dragon but do no damage.
The steam dragon looks as sick as possible!
The steam dragon is heavily wounded.
You are engulfed in a cloud of scalding steam.
* * * LOW HITPOINT WARNING * * *
The steam dragon misses you. The steam dragon barely misses you.
The steam dragon bites you.
* * * LOW HITPOINT WARNING * * *
The steam dragon barely misses you.
You feel better. The steam dragon closely misses you.
The steam dragon claws you.
* * * LOW HITPOINT WARNING * * *
Casting: Vampiric Draining (dangerous; 2% risk of failure)
Confirm with . or Enter, or press ? or * to list all spells.
Aiming: Necrotise (safe; 1% risk of failure)
Press: ? - help, Shift-Dir - straight line, f - steam dragon
Aim: a steam dragon (heavily wounded, extremely poisoned, umbra, chance to affect: 83%)
The steam dragon writhes in agony.
The steam dragon breathes steam at you. The ball of steam hits you!!
You die...

.............. .#
...#.#######.####.# .#.#
..................# ...#
..................#...#
##.#.#######......#...##
###........<...........#
......#......# #.#....$#
##....#......###.......#
...##.###'#.....@D......
.## #.# #.#.>.......#..#
. #.# #.#...###.#.# #
#.# #.#..... ...# #.#
#.#.#.###...# #.#.#..
...# #....... ....
..........#.## #. .#


You could see a steam dragon (very poisoned, catching breath).

Vanquished Creatures
  A water moccasin (D:5)
  A phantom (D:6)
  A necrophage (D:4)
  A scorpion (D:5)
  2 howler monkeys
  4 iguanas
  3 orc wizards
  9 gnolls
  4 adders
  An ufetubus (D:5)
  A worm (D:5)
  A dart slug (D:1)
  12 orcs
  8 endoplasms
  5 giant cockroaches
  10 goblins
  5 hobgoblins
  2 quokkas (D:3)
  7 ball pythons
  6 bats
  4 frilled lizards
  7 kobolds
  3 rats
98 creatures vanquished.

Vanquished Creatures (collateral kills)
  A bat (D:2)
1 creature vanquished.

Vanquished Creatures (others)
  A hound (D:6)
  3 plants
4 creatures vanquished.

Grand Total: 103 creatures vanquished

Notes
Turn   | Place    | Note
-------+----------+-------------------------------------------
     0 | D:1      | ASSMAN the Demonspawn Necromancer began the quest for the
                  | Orb.
     0 | D:1      | Reached XP level 1. HP: 13/13 MP: 3/3
   286 | D:1      | Gained mutation: You have a somewhat thin skeletal
                  | structure. (Dex +2, Stealth+) [demonic ancestry]
   286 | D:1      | Reached XP level 2. HP: 19/19 MP: 1/5
   391 | D:1      | Reached skill level 5 in Necromancy
   923 | D:2      | Gained mutation: You have sharp fingernails. [demonic
                  | ancestry]
   923 | D:2      | Reached XP level 3. HP: 24/24 MP: 4/6
  1061 | D:2      | Learned a level 3 spell: Vampiric Draining
  1487 | D:2      | Reached skill level 6 in Necromancy
  1659 | D:3      | Gained mutation: You have a moderately thin skeletal
                  | structure. (Dex +4, Stealth++) [demonic ancestry]
  1659 | D:3      | Reached XP level 4. HP: 30/30 MP: 7/7
  1827 | D:3      | Found a shadowy altar of Dithmenos.
  1947 | D:3      | Became a worshipper of Dithmenos the Shadowed
  2021 | D:3      | Found a sacrificial altar of Ru.
  2028 | D:3      | Reached skill level 1 in Invocations
  2398 | D:4      | Reached XP level 5. HP: 32/35 MP: 1/8
  2749 | D:4      | Learned a level 4 spell: Animate Dead
  2810 | D:4      | HP: 1/28 [necrophage (1)]
  2813 | D:4      | Gained mutation: You have an increased reservoir of magic.
                  | (+10% MP) [potion of mutation]
  2813 | D:4      | Gained mutation: You are agile. (Dex +4, Str/Int -1)
                  | [potion of mutation]
  2813 | D:4      | Gained mutation: You are strong-willed. (Will+) [potion of
                  | mutation]
  2827 | D:4      | Reached skill level 7 in Necromancy
  2827 | D:4      | Reached XP level 6. HP: 38/38 MP: 9/9
  2865 | D:4      | Identified a scroll of acquirement
  2865 | D:4      | Acquired a +2 pair of boots of flying
  2878 | D:4      | Found Senluos's Distillery.
  2885 | D:5      | Entered Level 5 of the Dungeon
  2896 | D:5      | Found a bloodstained altar of Trog.
  2896 | D:5      | Found a faded altar of an unknown god.
  2901 | D:5      | Found a faded altar of an unknown god.
  2903 | D:5      | Found a sparkling altar of Nemelex Xobeh.
  2904 | D:5      | Found an ornate altar of the Wu Jian Council.
  3133 | D:5      | Reached * piety under Dithmenos
  3295 | D:5      | Found a staircase to the Ecumenical Temple.
  3502 | D:5      | Noticed a water moccasin
  3512 | D:5      | Killed a water moccasin
  3513 | D:5      | Gained mutation: You have an unnaturally thin skeletal
                  | structure. (Dex +6, Stealth+++) [demonic ancestry]
  3513 | D:5      | Reached XP level 7. HP: 32/46 MP: 4/11
  3695 | D:5      | Reached skill level 5 in Invocations
  4152 | D:6      | Noticed a steam dragon
  4168 | D:6      | Killed from afar by a steam dragon

Illustrated notes

Levels and vault maps discovered:
D:1:      matt_arrival_spirals, layout_rooms
D:2:      minmay_evil_eye, layout_rooms
D:3:      layout_rooms, mainiacjoe_overflow_concentric_impassable,
          mainiacjoe_overflow_small_starburst
D:4:      corexii_shantytown, layout_gridville, nicolae_vehumet_altar_sigil,
          serial_shops, nicolae_diamond_shop, minivault_27
D:5:      layout_rooms, chequers_temple_overflow_minitemple,
          minmay_temple_entry_overgrown, portal_sewer_entry_e
D:6:      layout_basic, serial_shops, nicolae_shop_trees,
          nicolae_ossuary_entry_plus, hangedman_abyss_or_decor_jellyfish_corner,
          uniq_sigmund, uniq_edmund

Skill      XL: |  1  2  3  4  5  6  7 |
---------------+----------------------+-----
Necromancy     | 5 6 7 |  7.9
Stealth        | 2 3 4 |  4.5
Invocations    | 1 3 4 5 |  5.4
Dodging        | |  1.7
Spellcasting   | |  2.0

Action                     |  1- 3 |  4- 6 |  7- 9 || total
---------------------------+-------+-------+-------++-------
  Melee: Unarmed           |     3 |       |       ||     3
         Dagger            |    40 |    31 |       ||    71
         Punch             |     1 |       |       ||     1
         Short sword       |       |    85 |    44 ||   129
   Cast: Necrotise         |    60 |    28 |     3 ||    91
         Vampiric Draining |       |    21 |     5 ||    26
    Use: Potion            |       |     8 |     1 ||     9
         Scroll            |       |     8 |       ||     8
   Stab: Sleeping          |     2 |     2 |     1 ||     5
 Armour: Robe              |    17 |    35 |    17 ||    69
         Skin              |       |    10 |       ||    10
  Dodge: Dodged            |    26 |   124 |    45 ||   195

Table legend: (Time is in decaauts)
 A = Elapsed time spent in this place.
 B = Non-inter-level travel time spent in this place.
 C = Inter-level travel time spent in this place.
 D = Time resting spent in this place.
 E = Time spent auto-exploring this place.
 F = Levels seen in this place.
 G = Mean time per level.
                   A        B        C        D        E       F      G
               +--------+--------+--------+--------+--------+-----+--------+
         Total |   4170 |   3894 |    276 |    432 |   2641 |   6 |  695.0 |
       Dungeon |   4170 |   3894 |    276 |    432 |   2641 |   6 |  695.0 |
               +--------+--------+--------+--------+--------+-----+--------+

Top non-repeatable levels by time:
     D:5: 1171 daAuts
     D:3: 915 daAuts
     D:1: 879 daAuts
     D:2: 850 daAuts
     D:4: 242 daAuts
     D:6: 110 daAuts
